 Dungeon Crawl Stone Soup version 0.29.1-2-gbd0b4ee654 (webtiles) character file.

Game seed: 9530495256279892304

7 zeram the Sneak (level 1, 0/9 HPs)
             Began as a Spriggan Enchanter on Nov 21, 2022.
             Slain by a jackal (2 damage)
             ... on level 1 of the Dungeon.
             The game lasted 00:00:39 (518 turns).

zeram the Sneak (Spriggan Enchanter)                 Turns: 518, Time: 00:00:39

Health: 0/9        AC:  2    Str:  4    XL:     1   Next: 83%
Magic:  5/5        EV: 17    Int: 16    God:
Gold:   20         SH:  0    Dex: 15    Spells: 6/6 levels left

rFire   . . .      SeeInvis +   a - +1 dagger
rCold   . . .      Faith    .   (no shield)
rNeg    . . .      Spirit   .   b - +0 robe
rPois   .          Reflect  .   (helmet restricted)
rElec   .          Harm     .   (no cloak)
rCorr   .          Rampage  .   (gloves unavailable)
Will    .....                   (boots unavailable)
Stlth   +++.......              (no amulet)
HPRegen 0.03/turn               (no ring)
MPRegen 0.09/turn               (no ring)

@: very quick
A: very small, no large weapons, unfitting armour, see invisible, speed 3
a: no special abilities


You were on level 1 of the Dungeon.
You visited 1 branch of the dungeon, and saw 1 of its levels.

You collected 20 gold pieces.

Inventory:

Hand Weapons
 a - a +1 dagger (weapon)
Armour
 b - a +0 robe (worn)
Scrolls
 e - a scroll of identify
 f - a scroll of immolation {unknown}
Potions
 c - 2 potions of invisibility
 d - a potion of curing {unknown}
 g - a potion of degeneration {unknown}


   Skills:
 + Level 1.1 Short Blades
 + Level 2.9 Dodging
 + Level 4.5 Stealth
 + Level 3.0 Spellcasting
 + Level 3.8 Hexes


You had 6 spell levels left.
You didn't know any spells.
Your spell library contained the following spells:

 Spells                   Type           Power      Damage    Failure   Level
 Confusing Touch          Hex            14%        N/A       12%         3
 Tukima's Dance           Hex            14%        N/A       12%         3
 Ensorcelled Hibernation  Hex/Ice        16%        N/A       13%         2
 Dazzling Flash           Conj/Hex       16%        N/A       26%         3


Dungeon Overview and Level Annotations

Branches:
Dungeon (1/15)

Altars:


Innate Abilities, Weirdness & Mutations

You are very small and have problems with some larger weapons.
You are too small for most types of armour.
You have supernaturally acute eyesight. (SInv)
You cover ground extremely quickly. (Speed+++)


Message History

The jackal misses you.
You closely miss the jackal. You punch the jackal, but do no damage.
The jackal bites you.
You hit the jackal but do no damage. The jackal misses you.
You barely miss the jackal. The jackal closely misses you.
The jackal bites you.
* * * LOW HITPOINT WARNING * * *
You barely miss the jackal. The jackal closely misses you.
You closely miss the jackal.
The jackal bites you but does no damage.
You hit the jackal.
The jackal is moderately wounded.
The jackal closely misses you. The jackal completely misses you.
You closely miss the jackal.
The jackal is moderately wounded.
The jackal completely misses you.
You closely miss the jackal. The jackal closely misses you.
You closely miss the jackal. The jackal misses you.
You barely miss the jackal. The jackal completely misses you.
The jackal barely misses you.
As you read the scroll labelled KIZXEUBIACH, it crumbles to dust.
It is a scroll of identify.
Really abort (and waste the scroll)? [Y]es or [N]o only, please.
Really abort (and waste the scroll)? [Y]es or [N]o only, please.
Really abort (and waste the scroll)? [Y]es or [N]o only, please.
Really abort (and waste the scroll)? [Y]es or [N]o only, please.
Really abort (and waste the scroll)? [Y]es or [N]o only, please.
Really abort (and waste the scroll)? [Y]es or [N]o only, please.
Really abort (and waste the scroll)? [Y]es or [N]o only, please.
Really abort (and waste the scroll)?
Okay, then.
The jackal bites you.
You die...

.>.# #.# #.# #..# #.#
#.# ...# #.# #.# #..#
#.# #.# #..#
#.#######.# #..#
#.......#.# #..#
#######.#.#
#..##############.#.#
#..hhh@...#.......#.#
#'#######.#.#####.#.#
..?. #.........#.#
#..... #######.###.#.#
#...... ..............#
#.....#.#######.###.###
###+###...........#.#
##.# ###########.#
...### #........#.#


You could see 3 jackals.

Vanquished Creatures
  A giant cockroach (D:1)
  A hobgoblin (D:1)
  A kobold (D:1)
  A ball python (D:1)
  A bat (D:1)
  2 rats (D:1)
7 creatures vanquished.

Notes
Turn   | Place    | Note
-------+----------+-------------------------------------------
     0 | D:1      | zeram the Spriggan Enchanter began the quest for the Orb.
     0 | D:1      | Reached XP level 1. HP: 9/9 MP: 5/5
   518 | D:1      | Slain by a jackal

Illustrated notes

Levels and vault maps discovered:
D:1:      amcnicky_arrival_single_pillar, layout_basic, roderic_roman_lattice,
          minmay_misc_feat_four_crosses

Skill      XL: |  1 |
---------------+----+-----
Spellcasting   | 3 |  3.0
Short Blades   | |  1.1
Dodging        | |  2.9
Stealth        | |  4.5
Hexes          | |  3.8

Action                   || total
-------------------------++-------
Melee: Dagger            ||    49
       Punch             ||     2
  Use: Scroll            ||     1
Armor: Robe              ||     4
Dodge: Dodged            ||    49
